TOP OF THE 1ST |
Hendersonville Hitmen batting - Pitching for Plymouth Rocks : RHP Walt Burton
|
Pitching: RHP Walt Burton
|
|
Batting: RHB Eduardo García
|
0-0: Ground out 5-3 (Groundball, 5L)
|
Batting: LHB Lorenzo Quintanilla
|
0-0: Ball 1-0: Foul Ball, location: 2F 1-1: Foul Ball, location: 2F 1-2: Foul Ball, location: 2F 1-2: Ball 2-2: Ball 3-2: Foul Ball, location: 2F 3-2: Ground out 4-3 (Groundball, 13)
|
Batting: RHB Manolo Román
|
0-0: Ball 1-0: Swinging Strike 1-1: Foul Ball, location: 2F 1-2: Ball 2-2: Strikes out swinging
|
Top of the 1st over - 0 run(s), 0 hit(s), 0 error(s), 0 left on base; Hendersonville 0 - Plymouth 0 |
BOTTOM OF THE 1ST |
Plymouth Rocks batting - Pitching for Hendersonville Hitmen : RHP Won-min Im
|
Pitching: RHP Won-min Im
|
|
Batting: LHB Sean Nicks
|
0-0: Called Strike 0-1: Ball 1-1: Ball 2-1: Ball 3-1: Ground out U3 (Groundball, 3)
|
Batting: RHB Luis Sánchez
|
0-0: Called Strike 0-1: Ball 1-1: Ball 2-1: Ground out 6-3 (Groundball, 6M)
|
Batting: LHB Roy Patrick
|
0-0: Ball 1-0: SINGLE (Line Drive, 6MD)
|
Batting: LHB Roger Moore
|
0-0: Ball 1-0: SINGLE (Line Drive, 9S) Roy Patrick to second Runner from 2nd tries for 3rd, SAFE, no throw or cutoff
|
Batting: SHB Greg Welch
|
0-0: Foul Ball, location: 2F 0-1: Ball 1-1: Ground out 4-3 (Groundball, 34)
|
Bottom of the 1st over - 0 run(s), 2 hit(s), 0 error(s), 2 left on base; Hendersonville 0 - Plymouth 0 |
TOP OF THE 2ND |
Hendersonville Hitmen batting - Pitching for Plymouth Rocks : RHP Walt Burton
|
Batting: LHB Tony Abete
|
0-0: Ground out 4-3 (Groundball, 34)
|
Batting: RHB Robert Buckley
|
0-0: Ball 1-0: Fly out, F8 (Flyball, 8LXD)
|
Batting: LHB José Flores
|
0-0: Ball 1-0: Ball 2-0: Ground out 4-3 (Groundball, 34)
|
Top of the 2nd over - 0 run(s), 0 hit(s), 0 error(s), 0 left on base; Hendersonville 0 - Plymouth 0 |
BOTTOM OF THE 2ND |
Plymouth Rocks batting - Pitching for Hendersonville Hitmen : RHP Won-min Im
|
Batting: RHB Andrés Lara
|
0-0: Ground out 6-3 (Groundball, 6)
|
Batting: LHB Barrett Waters
|
0-0: Fly out, F5 (Line Drive, 56)
|
Batting: RHB Jorge Jiménez
|
0-0: Ball 1-0: Ball 2-0: Ball 3-0: Called Strike 3-1: Ground out 3-1 (Groundball, 34S)
|
Bottom of the 2nd over - 0 run(s), 0 hit(s), 0 error(s), 0 left on base; Hendersonville 0 - Plymouth 0 |
TOP OF THE 3RD |
Hendersonville Hitmen batting - Pitching for Plymouth Rocks : RHP Walt Burton
|
Batting: RHB Bill Mark
|
0-0: Called Strike 0-1: Swinging Strike 0-2: Foul Ball, location: 2F 0-2: Fly out, F8 (Flyball, 8RM)
|
Batting: RHB Taylor McFarland
|
0-0: Ball 1-0: Ball 2-0: SINGLE (Groundball, 56D)
|
Batting: RHB Robert Bly
|
0-0: Ball 1-0: Grounds into double play, 1-6-3 (Groundball, 15)
|
Top of the 3rd over - 0 run(s), 1 hit(s), 0 error(s), 0 left on base; Hendersonville 0 - Plymouth 0 |
BOTTOM OF THE 3RD |
Plymouth Rocks batting - Pitching for Hendersonville Hitmen : RHP Won-min Im
|
Batting: RHB Víctor Chávez
|
0-0: Ball 1-0: Called Strike 1-1: Ground out 3-1 (Groundball, 34)
|
Batting: LHB Sean Nicks
|
0-0: Ball 1-0: Ball 2-0: SINGLE (Groundball, 3D)
|
Batting: RHB Luis Sánchez
|
0-0: Fielders Choice at 2nd, 5-4 (Groundball, 56)
|
Batting: LHB Roy Patrick
|
0-0: Called Strike 0-1: Ball 1-1: Ball 2-1: 2-RUN HOME RUN (Flyball, 9D), Distance : 378 ft
|
Batting: LHB Roger Moore
|
0-0: Ball 1-0: Called Strike 1-1: Ball 2-1: Ball 3-1: SINGLE (Groundball, 34D) (infield hit)
|
Batting: SHB Greg Welch
|
0-0: Ground out 1-3 (Groundball, 25)
|
Bottom of the 3rd over - 2 run(s), 3 hit(s), 0 error(s), 1 left on base; Hendersonville 0 - Plymouth 2 |
TOP OF THE 4TH |
Hendersonville Hitmen batting - Pitching for Plymouth Rocks : RHP Walt Burton
|
Batting: RHB Eduardo García
|
0-0: Called Strike 0-1: Fly out, F9 (Line Drive, 9S)
|
Batting: LHB Lorenzo Quintanilla
|
0-0: Called Strike 0-1: Foul Ball, location: 2F 0-2: Ball 1-2: Strikes out swinging
|
Batting: RHB Manolo Román
|
0-0: Foul Ball, location: 2F 0-1: Ball 1-1: Ball 2-1: Swinging Strike 2-2: Strikes out swinging
|
Top of the 4th over - 0 run(s), 0 hit(s), 0 error(s), 0 left on base; Hendersonville 0 - Plymouth 2 |
BOTTOM OF THE 4TH |
Plymouth Rocks batting - Pitching for Hendersonville Hitmen : RHP Won-min Im
|
Batting: RHB Andrés Lara
|
0-0: Ball 1-0: Ball 2-0: Called Strike 2-1: Ball 3-1: Fly out, F7 (Flyball, 7D)
|
Batting: LHB Barrett Waters
|
0-0: Ball 1-0: SINGLE (Line Drive, 34D)
|
Batting: RHB Jorge Jiménez
|
0-0: Ball 1-0: Ball 2-0: Ground out 3-1 (Groundball, 34S) Barrett Waters to second
|
Batting: RHB Víctor Chávez
|
0-0: SINGLE (Groundball, 5S) (infield hit) Barrett Waters to third
|
Batting: LHB Sean Nicks
|
0-0: Ball 1-0: Foul Ball, location: 2F 1-1: Foul Ball, location: 2F 1-2: Ground out 3-1 (Groundball, 34)
|
Bottom of the 4th over - 0 run(s), 2 hit(s), 0 error(s), 2 left on base; Hendersonville 0 - Plymouth 2 |
TOP OF THE 5TH |
Hendersonville Hitmen batting - Pitching for Plymouth Rocks : RHP Walt Burton
|
Batting: LHB Tony Abete
|
0-0: Ball 1-0: Called Strike 1-1: Ground out 6-3 (Groundball, 6)
|
Batting: RHB Robert Buckley
|
0-0: Ball 1-0: Foul Ball, location: 2F 1-1: Ball 2-1: Foul Ball, location: 2F 2-2: Ground out 5-3 (Groundball, 5)
|
Batting: LHB José Flores
|
0-0: SINGLE (Groundball, 34D)
|
Batting: RHB Bill Mark
|
0-0: Ball 1-0: Foul Ball, location: 2F 1-1: Ball 2-1: Ball José Flores is caught stealing 2nd base
|
Top of the 5th over - 0 run(s), 1 hit(s), 0 error(s), 0 left on base; Hendersonville 0 - Plymouth 2 |
BOTTOM OF THE 5TH |
Plymouth Rocks batting - Pitching for Hendersonville Hitmen : RHP Won-min Im
|
Batting: RHB Luis Sánchez
|
0-0: Called Strike 0-1: Ball 1-1: Called Strike 1-2: Foul Ball, location: 2F 1-2: Ball 2-2: Strikes out swinging
|
Batting: LHB Roy Patrick
|
0-0: Ball 1-0: Ball 2-0: Called Strike 2-1: Ball 3-1: Swinging Strike 3-2: Base on Balls
|
Batting: LHB Roger Moore
|
0-0: Ball 1-0: Ball 2-0: Called Strike 2-1: Ground out 3-1 (Groundball, 34) Roy Patrick to second
|
Batting: SHB Greg Welch
|
0-0: Swinging Strike 0-1: Foul Ball, location: 2F 0-2: Foul Ball, location: 2F 0-2: Ball 1-2: Fly out, F8 (Popup, 6MD)
|
Bottom of the 5th over - 0 run(s), 0 hit(s), 0 error(s), 1 left on base; Hendersonville 0 - Plymouth 2 |
TOP OF THE 6TH |
Hendersonville Hitmen batting - Pitching for Plymouth Rocks : RHP Walt Burton
|
Batting: RHB Bill Mark
|
0-0: Called Strike 0-1: Ball 1-1: Fly out, F7 (Flyball, 7LM)
|
Batting: RHB Taylor McFarland
|
0-0: Foul Ball, location: 2F 0-1: Ball 1-1: Called Strike 1-2: Ball 2-2: Foul Ball, location: 2F 2-2: Ground out 4-3 (Groundball, 4)
|
Batting: RHB Robert Bly
|
0-0: Called Strike 0-1: Called Strike 0-2: Ball 1-2: Ball 2-2: SINGLE (Line Drive, 4MD)
|
Batting: RHB Eduardo García
|
0-0: Ball 1-0: Ball 2-0: Ball 3-0: Called Strike 3-1: Called Strike 3-2: SINGLE (Groundball, 4MD) Robert Bly to second Robert Bly to third
|
Batting: LHB Lorenzo Quintanilla
|
0-0: Called Strike 0-1: Ball 1-1: Called Strike 1-2: Fly out, F7 (Popup, 5D)
|
Top of the 6th over - 0 run(s), 2 hit(s), 0 error(s), 2 left on base; Hendersonville 0 - Plymouth 2 |
BOTTOM OF THE 6TH |
Plymouth Rocks batting - Pitching for Hendersonville Hitmen : RHP Won-min Im
|
Batting: RHB Andrés Lara
|
0-0: Swinging Strike 0-1: Ground out 5-3 (Groundball, 56)
|
Batting: LHB Barrett Waters
|
0-0: Foul Ball, location: 2F 0-1: Ball 1-1: Ball 2-1: Ball 3-1: Ground out 6-3 (Groundball, 6M)
|
Batting: RHB Jorge Jiménez
|
0-0: Foul Ball, location: 2F 0-1: Foul Ball, location: 2F 0-2: Strikes out swinging
|
Bottom of the 6th over - 0 run(s), 0 hit(s), 0 error(s), 0 left on base; Hendersonville 0 - Plymouth 2 |
TOP OF THE 7TH |
Hendersonville Hitmen batting - Pitching for Plymouth Rocks : RHP Walt Burton
|
Batting: RHB Manolo Román
|
0-0: Ground out 1-3 (Groundball, 23)
|
Batting: LHB Tony Abete
|
0-0: Called Strike 0-1: Swinging Strike 0-2: Foul Ball, location: 2F 0-2: Ball 1-2: Strikes out swinging
|
Batting: RHB Robert Buckley
|
0-0: Foul Ball, location: 2F 0-1: Ball 1-1: Ball 2-1: Foul Ball, location: 2F 2-2: SINGLE (Line Drive, 78S)
|
Batting: LHB José Flores
|
0-0: Ball 1-0: Ball 2-0: Foul Ball, location: 2F 2-1: Swinging Strike 2-2: Fly out, F8 (Line Drive, 8LD)
|
Top of the 7th over - 0 run(s), 1 hit(s), 0 error(s), 1 left on base; Hendersonville 0 - Plymouth 2 |
BOTTOM OF THE 7TH |
Plymouth Rocks batting - Pitching for Hendersonville Hitmen : RHP Won-min Im
|
Batting: RHB Víctor Chávez
|
0-0: Ball 1-0: SINGLE (Line Drive, 8LS)
|
Batting: LHB Sean Nicks
|
0-0: Ball 1-0: Called Strike 1-1: Ball 2-1: Grounds into double play, 4-6-3 (Groundball, 4)
|
Batting: RHB Luis Sánchez
|
0-0: Called Strike 0-1: Ball 1-1: Swinging Strike 1-2: Ball 2-2: Strikes out swinging
|
Bottom of the 7th over - 0 run(s), 1 hit(s), 0 error(s), 0 left on base; Hendersonville 0 - Plymouth 2 |
TOP OF THE 8TH |
Hendersonville Hitmen batting - Pitching for Plymouth Rocks : RHP Walt Burton
|
Now at 1B: Júlio Negrón
|
|
Batting: RHB Bill Mark
|
0-0: Called Strike 0-1: Ball 1-1: Swinging Strike 1-2: Ball 2-2: Ball 3-2: Base on Balls
|
Batting: RHB Taylor McFarland
|
0-0: Called Strike 0-1: Ball 1-1: Ball 2-1: Swinging Strike 2-2: Ball 3-2: Base on Balls Bill Mark to second
|
Batting: RHB Robert Bly
|
0-0: Grounds into double play, 6-4-3 (Groundball, 6) Bill Mark to third
|
Batting: RHB Eduardo García
|
0-0: Ball 1-0: Ground out U3 (Groundball, 3)
|
Top of the 8th over - 0 run(s), 0 hit(s), 0 error(s), 1 left on base; Hendersonville 0 - Plymouth 2 |
BOTTOM OF THE 8TH |
Plymouth Rocks batting - Pitching for Hendersonville Hitmen : RHP Won-min Im
|
Batting: LHB Roy Patrick
|
0-0: Ground out 4-3 (Groundball, 4)
|
Batting: LHB Roger Moore
|
Reached via error on a dropped throw, E1
|
Batting: SHB Greg Welch
|
0-0: Ball 1-0: Ball 2-0: Foul Ball, location: 2F 2-1: Called Strike 2-2: Strikes out looking
|
Batting: RHB Andrés Lara
|
0-0: Fielders Choice at 2nd, 6-4 (Groundball, 6)
|
Bottom of the 8th over - 0 run(s), 0 hit(s), 1 error(s), 0 left on base; Hendersonville 0 - Plymouth 2 |
TOP OF THE 9TH |
Hendersonville Hitmen batting - Pitching for Plymouth Rocks : RHP Walt Burton
|
Pitching: RHP Soichiro Ikeda
|
|
Now at C: Tadakuni Sugiyama
|
|
Batting: LHB Lorenzo Quintanilla
|
0-0: Called Strike 0-1: Fly out, F7 (Flyball, 7LM)
|
Batting: RHB Manolo Román
|
0-0: Swinging Strike 0-1: Ground out 5-3 (Groundball, 5)
|
Batting: LHB Tony Abete
|
0-0: Called Strike 0-1: Foul Ball, location: 2F 0-2: Strikes out swinging
|
Top of the 9th over - 0 run(s), 0 hit(s), 0 error(s), 0 left on base; Hendersonville 0 - Plymouth 2 |
|